 Dungeon Crawl Stone Soup version 0.13-a0-2001-g039544c (webtiles) character file.

316 M4edhros the Poker (level 4, 0/34 HPs)
             Began as a Mummy Skald on June 25, 2013.
             Hit by a club thrown by a gnoll (3 damage)
             ... on Level 2 of the Dungeon.
             The game lasted 00:03:02 (3269 turns).

M4edhros the Poker (Mummy Skald)                    Turns: 3269, Time: 00:03:02

HP   0/34        AC  6     Str 15      XL: 4   Next: 86%
MP   7/7         EV  8     Int 12      God:
Gold 188         SH  0     Dex 11      Spells:  1 memorised,  6 levels left

Res.Fire  : x . .   See Invis. : .   a - +0 spear {=f}
Res.Cold  : + . .   Warding    : .   d - +0 scale mail
Life Prot.: + + +   Conserve   : .   (no shield)
Res.Poison: +       Res.Corr.  : .   (no helmet)
Res.Elec. : .       Clarity    : .   (no cloak)
Sust.Abil.: . .     Spirit.Shd : .   (no gloves)
Res.Mut.  : .       Stasis     : .   (no boots)
Res.Rott. : +       Flight     : .   (no amulet)
Saprovore : . . .                    (no ring)
                                     (no ring)

@: slightly resistant to hostile enchantments, extremely unstealthy
A: no food or potions, fire vulnerability, restore body, cold resistance 1, life
protection 3, poison resistance, torment resistance, unbreathing
a: no special abilities


You were on level 2 of the Dungeon.
You were not hungry.

You visited 1 branch of the dungeon, and saw 3 of its levels.

You collected 168 gold pieces.

Inventory:

Hand weapons
 a - a +0,+0 spear (weapon) {=f}
Armour
 b - a +0 leather armour
 d - a +0 scale mail (worn)
Scrolls
 e - 2 scrolls of enchant weapon I {unknown}
 f - 6 scrolls of identify {unknown}
 g - a scroll of amnesia {unknown}
 h - a scroll of fear {unknown}
 i - 2 scrolls of remove curse {unknown}
 j - a scroll of teleportation {unknown}
 k - a scroll of fog {unknown}
Books
 c - a book of Battle

   Spells                             Type                      Level
   *Infusion                          Charms                       1
   Shroud of Golubria                 Charms/Translocation         2
   Song of Slaying                    Charms                       2
   Spectral Weapon                    Conjuration/Charms           3
   Regeneration                       Charms/Necromancy            3
   Song of Shielding                  Charms                       5


   Skills:
 - Level 2.0 Fighting
 + Level 4.2 Polearms
 - Level 0.7 Armour
 - Level 0.7 Dodging
 - Level 2.0 Spellcasting
 - Level 2.4 Charms


You had 6 spell levels left.
You knew the following spells:

 Your Spells              Type           Power        Failure   Level  Hunger
a - Infusion              Chrm           #.....       61%         1    N/A

Dungeon Overview and Level Annotations

Branches:
Dungeon (3/27)

Altars:
Nemelex Xobeh
Sif Muna
Yredelemnul


Innate Abilities, Weirdness & Mutations

You do not eat or drink.
Your flesh is vulnerable to fire.
Your flesh is cold resistant.
You are immune to negative energy.
Your system is resistant to poisons.
You are immune to unholy pain and torment.
You can survive without breathing.


Message History

The gnoll is moderately wounded.
The gnoll hits you with a whip.
* * * LOW HITPOINT WARNING * * *
Things that are here:
a throwing net [torn]; a club The gnoll throws a club.
The club hits you!
* * * LOW HITPOINT WARNING * * *
You see here a club.
The gnoll throws a throwing net [torn].
The throwing net [torn] hits you!
You become entangled in the net!
* * * LOW HITPOINT WARNING * * *
You see here a throwing net [torn].
You try to slip out of the net.
You tear a large gash into the net.
You try to slip out of the net.
You slip out of the net!
The gnoll picks up a club.
A rat comes into view.
The gnoll picks up a throwing net [falling apart].
The gnoll throws a club.
The club hits you!
You die...

#........#############
#........#####
#........#...#
#........#...#### ####
##........#......###.)(
#......................
#.......###......###...
#.......###gg.##.###..)
#<....@...........r....
#.......#####....######
#.......#####....# #
#................# #
######.#########.# #
#....%...# #.# #
#........####.######
#...................
#.......!####.##...(


You could see 2 gnolls.

Vanquished Creatures
  4 adders
  2 gnolls (D:2)
  A giant mite (D:3)
  A worm (D:2)
  3 giant geckos
  4 orcs (D:3)
  3 giant cockroaches
  3 goblins
  10 hobgoblins
  10 bats
  A giant newt (D:3)
  8 kobolds
  A quokka (D:2)
  11 rats
62 creatures vanquished.

Vanquished Creatures (others)
  A rat (D:1)
1 creature vanquished.

Grand Total: 63 creatures vanquished

Notes
Turn   | Place    | Note
--------------------------------------------------------------
     0 | D:1      | M4edhros, the Mummy Skald, began the quest for the Orb.
     0 | D:1      | Reached XP level 1. HP: 16/16 MP: 2/2
   105 | D:1      | Reached XP level 2. HP: 15/22 MP: 4/4
   810 | D:2      | Reached XP level 3. HP: 8/27 MP: 5/5
  1060 | D:2      | Reached skill level 3 in Polearms
  1644 | D:3      | Found a sparkling altar of Nemelex Xobeh.
  1967 | D:3      | Found a basalt altar of Yredelemnul.
  1967 | D:3      | Found a deep blue altar of Sif Muna.
  2036 | D:3      | Reached XP level 4. HP: 23/34 MP: 7/7
  2553 | D:2      | Reached skill level 4 in Polearms
  3257 | D:2      | HP: 1/34 [gnoll/ club (4)]
  3269 | D:2      | Hit by a club thrown by a gnoll

Action                   |  1- 3 |  4- 6 || total
-------------------------+-------+-------++-------
Melee: Spear             |   223 |   149 ||   372
